 Dungeon Crawl Stone Soup version 0.30-a0-469-g84de5afbc5 (webtiles) character file.

Game seed: 5552141133035095379

820 kae the Conjurer (level 7, 0/36 HPs)
             Began as a Tengu Fire Elementalist on Dec 19, 2022.
             Succumbed to a water moccasin's poison
             ... on level 5 of the Dungeon.
             The game lasted 00:03:08 (6161 turns).

kae the Conjurer (Tengu Fire Elementalist)          Turns: 6161, Time: 00:03:09

Health: 0/36       AC:  3    Str:  9    XL:     7   Next: 95%
Magic:  2/15       EV: 14    Int: 17    God:
Gold:   210        SH:  0    Dex: 14    Spells: 5/15 levels left

rFire   . . .      SeeInvis .    m - +1 dagger
rCold   . . .      Faith    .    (no shield)
rNeg    . . .      Spirit   .    a - +1 robe
rPois   .          Reflect  .    (helmet restricted)
rElec   .          Harm     .    (no cloak)
rCorr   .          Rampage  .    (no gloves)
Will    .....                    (boots unavailable)
Stlth   ++........               g - amulet of regeneration
HPRegen 1.06/turn                Z - ring of wizardry
MPRegen 0.14/turn                (no ring)

@: lethally poisoned (0 -> -3), flying quickly and evasively, quick
A: beak, talons 3, nimble flight
a: no special abilities


You were on level 5 of the Dungeon.
You visited 1 branch of the dungeon, and saw 5 of its levels.

You collected 210 gold pieces.


Innate Abilities, Weirdness & Mutations

You have a beak for a mouth.
You have claws for feet.
Your magical nature lets you fly swiftly and evasively.


   Skills:
 - Level 2.1 Dodging
 - Level 2.0 Stealth
 + Level 4.9 Spellcasting
 + Level 6.6 Conjurations
 + Level 6.3 Fire Magic


You had 5 spell levels left.
You knew the following spells:

 Your Spells              Type           Power      Damage    Failure   Level
a - Foxfire               Conj/Fire      100%       2x1d9     1%          1
b - Scorch                Fire           50%        2d7       1%          2
c - Inner Flame           Hex/Fire       14%        N/A       4%          3
d - Flame Wave            Conj/Fire      26%        2d8       4%          4

Your spell library contained the following spells:

 Spells                   Type           Power      Damage    Failure   Level
 Apportation              Tloc           8%         N/A       6%          1
 Necrotise                Necr           16%        1d4       6%          1
 Summon Small Mammal      Summ           16%        N/A       6%          1
 Kindle Blastsparks       Fire/Tloc/Air  22%        2d11      8%          3
 Chain Lightning          Conj/Air       7%         3d10      100%        9
 Fire Storm               Conj/Fire      13%        8d3       100%        9
 Shatter                  Erth           2%         3d6*      100%        9

Inventory:

Hand Weapons
 l - a +0 club
   (You took it off a goblin on level 1 of the Dungeon)
 m - a +1 dagger (weapon)
   (You took it off a goblin on level 1 of the Dungeon)
Missiles
 e - 50 stones
 r - 6 boomerangs
 y - 4 curare-tipped darts {=f}
Armour
 a - a +1 robe (worn)
Magical Staves
 c - a staff of fire {!a}
   (You found it on level 3 of the Dungeon)
Jewellery
 g - an amulet of regeneration (around neck)
   (You found it on level 2 of the Dungeon)
 v - a ring of see invisible
   (You found it on level 5 of the Dungeon)
 F - a ring of protection from fire
   (You found it on level 4 of the Dungeon)
 G - an amulet of guardian spirit
   (You found it on level 1 of the Dungeon)
 L - a ring of flight
   (You found it on level 4 of the Dungeon)
 Z - a ring of wizardry (left hand)
   (You found it on level 2 of the Dungeon)
Wands
 h - a wand of paralysis (9)
   (You found it on level 3 of the Dungeon)
Scrolls
 d - a scroll of fear
 q - a scroll of poison {!r}
 s - a scroll of blinking {unknown}
 u - 2 scrolls of identify {@r1}
 w - a scroll of vulnerability {unknown}
 x - a scroll of magic mapping {unknown}
Potions
 b - 2 potions of magic
 f - 2 potions of brilliance {unknown}
 i - 4 potions of curing {@q1}
 j - a potion of attraction {!q}
 k - a potion of might
 n - 2 potions of berserk rage {unknown}
 o - a potion of cancellation
 p - a potion of resistance
 t - a potion of invisibility {unknown}

Dungeon Overview and Level Annotations

Branches:
Dungeon (5/15) Zot: 23977
 Temple: D:4-7

Altars:
Gozag
Hepliaklqana
Kikubaaqudgha
Okawaru
Ru
Zin

Shops:
D:1 (

Annotations:
D:5 1 runed translucent door, Crazy Yiuf

#.##...........#####.####
#.....#.######## #.#
####..#..# #.# #..##.#
#.# #..##.# #.#
#..##.###########.####
#..##.................
#).##..#...........###
#..##@.#...........##.
#....†.......#.##..##.
#......#..##.#.##..##.
#.#.#[##..##.#.##..##. #
#.#..........##..##.
#.###...†....##..##. .
#...##.#......>. .
#...##.####..##.
..............##.


There were no monsters in sight!


Message History

You see here an iguana corpse.
Key pressed, stopping explore.
Casting: Foxfire (safe; 1% risk of failure)
Confirm with . or Enter, or press ? or * to list all spells.
You can't see any susceptible monsters within range! (Use Z to cast anyway.) 😎 MP[+1]
x - a scroll labelled FIGAR ESYGAEC 😎 MP[+2]
Your mp is fully restored (15).
e - 50 stones (gained 5)
Found a stone staircase leading up.
Found an escape hatch in the ceiling.
There is a stone staircase leading up here.
v - a ring of see invisible;
y - 4 curare-tipped darts {=f} You now have 210 gold pieces (gained 7).
A water moccasin comes into view.
The water moccasin hisses angrily.
A water moccasin is nearby!
A water moccasin is nearby!
A water moccasin is nearby!
Casting: Foxfire (safe; 1% risk of failure)
Confirm with . or Enter, or press ? or * to list all spells.
Flames lash the water moccasin.
The water moccasin's fire resistance burns away.
The water moccasin misses you.
A dart slug comes into view.
The water moccasin closely misses you.
The water moccasin bites you but does no damage. 😎 MP[-2]
You lost 2 mp, and now have 13/15 mp.
Casting: Scorch (safe; 1% risk of failure)
Confirm with . or Enter, or press ? or * to list all spells.
Flames lash the water moccasin.
The water moccasin is burned terribly!
The water moccasin bites you.
You are poisoned.
The water moccasin poisons you! The water moccasin closely misses you.
You feel very sick.
The water moccasin bites you but does no damage. 😕 HP[-4] MP[-2]
You take 4 damage, and now have 32/36 hp.
You lost 2 mp, and now have 11/15 mp.
Casting: Scorch (safe; 1% risk of failure)
Confirm with . or Enter, or press ? or * to list all spells.
Flames lash the water moccasin.
The water moccasin is burned terribly!
You feel very sick. The water moccasin bites you.
You feel sick. The water moccasin misses you. The water moccasin bites you.
You are more poisoned.
The water moccasin poisons you! 😮 HP[-8] MP[-2]
You take 8 damage, and now have 24/36 hp.
MASSIVE DAMAGE!! (PAUSE)
You lost 2 mp, and now have 9/15 mp.
Casting: Scorch (safe; 1% risk of failure)
Confirm with . or Enter, or press ? or * to list all spells.
Flames lash the dart slug.
The dart slug's fire resistance burns away.
You feel very sick. The water moccasin misses you.
You feel very sick. The water moccasin barely misses you.
The water moccasin misses you. 😨 HP[-8] MP[-1]
You take 8 damage, and now have 16/36 hp.
MASSIVE DAMAGE!! (PAUSE)
You lost 1 mp, and now have 8/15 mp.
Casting: Scorch (safe; 1% risk of failure)
Confirm with . or Enter, or press ? or * to list all spells.
Flames lash the dart slug.
The dart slug is burned terribly!
You kill the dart slug!
You feel very sick. The water moccasin bites you.
* * * LOW HITPOINT WARNING * * *
You are lethally poisoned!
The water moccasin poisons you!
* * * LOW HITPOINT WARNING * * *
You feel very sick.
The water moccasin completely misses you. 😱 HP[-10] MP[-2]
You take 10 damage, and now have 6/36 hp.
MASSIVE DAMAGE!! (PAUSE)
You lost 2 mp, and now have 6/15 mp.
Casting: Scorch (safe; 1% risk of failure)
Confirm with . or Enter, or press ? or * to list all spells.
Flames lash the water moccasin.
The water moccasin is burned terribly!
* * * LOW HITPOINT WARNING * * *
You feel very sick. The water moccasin closely misses you.
The water moccasin bites you but does no damage.
* * * LOW HITPOINT WARNING * * *
You feel very sick.
The water moccasin closely misses you. 😱 HP[-5] MP[-2]
You take 5 damage, and now have 1/36 hp.
You lost 2 mp, and now have 4/15 mp.
Unknown command.
Casting: Scorch (safe; 1% risk of failure)
Confirm with . or Enter, or press ? or * to list all spells.
Flames lash the water moccasin.
The water moccasin is burned terribly!
You kill the water moccasin!
You die...

Skill      XL: |  1  2  3  4  5  6  7 |
---------------+----------------------+-----
Conjurations   | 2 3 4 5 6 |  6.6
Fire Magic     | 4 5 6 |  6.3
Spellcasting   | 3 4 |  4.9
Dodging        | |  2.1
Stealth        | |  2.0

Action                   |  1- 3 |  4- 6 |  7- 9 || total
-------------------------+-------+-------+-------++-------
Melee: Dagger            |    19 |     2 |       ||    21
       Unarmed           |     5 |       |       ||     5
       Kick              |     1 |       |       ||     1
       Peck              |     1 |       |       ||     1
       Punch             |     1 |       |       ||     1
 Cast: Foxfire           |    71 |   150 |    50 ||   271
       Scorch            |       |     5 |    12 ||    17
  Use: Potion            |     3 |       |       ||     3
       Scroll            |       |    12 |     1 ||    13
Armor: Robe              |     6 |    30 |     6 ||    42
       Skin              |    38 |       |       ||    38
Dodge: Dodged            |    18 |    70 |    30 ||   118

Levels and vault maps discovered:
D:1:      minmay_arrival_widening_spiral_narrow, layout_basic, serial_rivers,
          chequers_serial_rivers_large_b, chequers_serial_rivers_micro_a,
          chequers_serial_rivers_marsh, chequers_serial_rivers_marsh,
          serial_shops, shop, hangedman_decor_growths, dreamdust_wishing_well
D:2:      layout_basic, serial_glass, glass_columns_b, glass_columns_c,
          lightli_corner_chamber, uniq_robin
D:3:      layout_basic, grunt_temple_overflow_open, minmay_mini_jars
D:4:      layout_basic, okawaru_ov_weapons_minmay,
          lemuel_zombie_altar_kikubaaqudgha, nicolae_overflow_crystal_walls
D:5:      layout_loops_ring, mainiacjoe_overflow_24_doors, uniq_menkaure,
          uniq_crazy_yiuf_cottage

Notes
Turn   | Place    | Note
-------+----------+-------------------------------------------
     0 | D:1      | kae the Tengu Fire Elementalist began the quest for the
                  | Orb.
     0 | D:1      | Reached XP level 1. HP: 10/10 MP: 4/4
     0 | D:1      | magus.rc [v1.11.3]
   449 | D:1      | Reached XP level 2. HP: 15/15 MP: 4/6
   496 | D:1      | Reached skill level 2 in Conjurations
   644 | D:1      | Found Ysaefai's Weapon Boutique.
  1166 | D:2      | Reached XP level 3. HP: 19/19 MP: 2/7
  1557 | D:2      | Noticed Robin
  1568 | D:2      | HP: 3/19 [goblin/+0 dagger[Robin] (3)]
  1585 | D:2      | HP: 7/28 [Robin/+0 short sword (2)]
  1590 | D:2      | Killed Robin
  1591 | D:2      | Reached skill level 3 in Conjurations
  1591 | D:2      | Reached skill level 4 in Fire Magic
  1753 | D:2      | Reached XP level 4. HP: 24/24 MP: 5/9
  2585 | D:3      | Learned a level 2 spell: Scorch
  2696 | D:3      | Learned a level 3 spell: Inner Flame
  2784 | D:3      | You pick up a book of Annihilations and begin reading...
  2784 | D:3      | You add the spells Chain Lightning, Fire Storm and Shatter
                  | to your library.
  2806 | D:3      | Reached skill level 3 in Spellcasting
  3007 | D:3      | Gained mutation: Your magical nature lets you fly swiftly
                  | and evasively. [Tengu growth]
  3007 | D:3      | Reached XP level 5. HP: 28/28 MP: 3/10
  3272 | D:3      | Found a hazy altar of Hepliaklqana.
  3272 | D:3      | Found a glowing silver altar of Zin.
  3973 | D:4      | Found a sacrificial altar of Ru.
  4090 | D:4      | Found an iron altar of Okawaru.
  4101 | D:4      | Reached skill level 4 in Conjurations
  4284 | D:4      | HP: 5/28 [hound (5)]
  4374 | D:4      | Reached skill level 5 in Fire Magic
  4374 | D:4      | Reached XP level 6. HP: 32/32 MP: 8/12
  4795 | D:4      | Found an ancient bone altar of Kikubaaqudgha.
  4930 | D:5      | Entered Level 5 of the Dungeon
  4930 | D:5      | Noticed Menkaure
  4995 | D:5      | Learned a level 4 spell: Flame Wave
  5193 | D:5      | Reached skill level 5 in Conjurations
  5311 | D:5      | Reached skill level 4 in Spellcasting
  5343 | D:5      | Killed Menkaure
  5344 | D:5      | Reached XP level 7. HP: 15/36 MP: 6/14
  5509 | D:5      | Found a runed translucent door.
  5510 | D:5      | Noticed Crazy Yiuf
  5558 | D:5      | You pick up a book of Cantrips and begin reading...
  5558 | D:5      | You add the spells Necrotise, Summon Small Mammal and
                  | Apportation to your library.
  5577 | D:5      | Reached skill level 6 in Conjurations
  5614 | D:5      | Found an opulent altar of Gozag.
  5765 | D:5      | Reached skill level 6 in Fire Magic
  5940 | D:5      | HP: 1/35 [iguana (10)]
  6158 | D:5      | HP: 6/36 [poisoned by a water moccasin]
  6160 | D:5      | HP: 1/36 [poisoned by a water moccasin]
  6161 | D:5      | Succumbed to a water moccasin's poison

Vanquished Creatures
  Menkaure (D:5)
  A water moccasin (D:5)
  2 necrophages (D:5)
  A scorpion (D:5)
  4 hounds
  3 jellies
  2 iguanas (D:5)
  A gnoll bouda (D:5)
  Robin (D:2)
  4 gnolls (D:5)
  5 adders
  A white imp (D:5)
  An ufetubus (D:5)
  4 worms
  6 dart slugs
  5 orcs (D:4)
  4 bats
  2 bat zombies (D:4)
  7 endoplasms
  3 giant cockroaches
  15 goblins
  13 hobgoblins
  A jackal (D:3)
  4 quokkas
  5 ball pythons
  2 frilled lizards
  7 kobolds
  A rat (D:3)
  A rat zombie (D:4)
107 creatures vanquished.

Vanquished Creatures (collateral kills)
  A foxfire (D:2)
1 creature vanquished.

Vanquished Creatures (others)
  436 foxfires
436 creatures vanquished.

Grand Total: 544 creatures vanquished

Table legend:
 A = Non-vault XP
 B = Vault XP
 C = Vault XP percentage of total XP
 D = Non-vault monster count
 E = Vault monster count
 F = Vault count percentage of total count
                 A         B        C        D         E       F
            +---------+---------+-------+---------+---------+-------
      Total |    1080 |     245 |  18.5 |      80 |      27 |  25.2
            +---------+---------+-------+---------+---------+-------
        D:1 |      31 |       3 |   8.8 |      17 |       2 |  10.5
        D:2 |      23 |      34 |  59.6 |      11 |      11 |  50.0
        D:3 |      96 |      28 |  22.6 |      16 |      10 |  38.5
        D:4 |     167 |       5 |   2.9 |      15 |       3 |  16.7
        D:5 |     763 |     175 |  18.7 |      21 |       1 |   4.5
            +---------+---------+-------+---------+---------+-------

Illustrated notes

Table legend:
 A = Kills in this place as a percentage of kills in entire the game.
 B = Kills by you in this place as a percentage of kills by you in the entire game.
 C = Kills by friends in this place as a percentage of kills by friends in the entire game.
 D = Other kills in this place as a percentage of other kills in the entire game.
 E = Experience gained in this place as a percentage of experience gained in the entire game.
 F = Experience gained in this place divided by the number of levels of this place that you have seen.
                   A       B       C       D       E      F
               +-------+-------+-------+-------+-------+----------------------
         Total | 100.0 | 100.0 |   N/A |   N/A | 100.0 | 265.0
       Dungeon | 100.0 | 100.0 |   N/A |   N/A | 100.0 | 265.0
               +-------+-------+-------+-------+-------+----------------------

Table legend: (Time is in decaauts)
 A = Elapsed time spent in this place.
 B = Non-inter-level travel time spent in this place.
 C = Inter-level travel time spent in this place.
 D = Time resting spent in this place.
 E = Time spent auto-exploring this place.
 F = Levels seen in this place.
 G = Mean time per level.
                   A        B        C        D        E       F      G
               +--------+--------+--------+--------+--------+-----+--------+
         Total |   6022 |   5879 |    143 |    279 |   4758 |   5 | 1204.4 |
       Dungeon |   6022 |   5879 |    143 |    279 |   4758 |   5 | 1204.4 |
               +--------+--------+--------+--------+--------+-----+--------+

Top non-repeatable levels by time:
     D:3: 1324 daAuts
     D:2: 1221 daAuts
     D:1: 1204 daAuts
     D:4: 1156 daAuts
     D:5: 1116 daAuts
